 Dungeon Crawl Stone Soup version 0.30.0-29-ga12c61a403 (webtiles) character file.

Game seed: 10704956953523242201

85 cheesebisquit the Grave Robber (level 4, -11/36 HPs)
             Began as a Ghoul Necromancer on June 7, 2023.
             Killed by divine providence
             ... invoked by an orc priest
              (17 damage)
             ... on level 2 of the Dungeon.
             The game lasted 00:08:51 (2180 turns).

cheesebisquit the Grave Robber (Ghoul Necromancer)  Turns: 2180, Time: 00:08:52

Health: -11/36     AC:  6    Str: 11    XL:     4   Next: 48%
Magic:  3/5        EV: 13    Int: 12    God:
Gold:   112        SH:  2    Dex:  9    Spells: 2/6 levels left

rFire   . . .        f - +0 trident
rCold   + . .        r - +0 buckler
rNeg    + + +        e - +0 scale mail
rPois   ∞            (no helmet)
rElec   .            (no cloak)
rCorr   .            (no gloves)
SInv    .            (no boots)
Will    .....        o - amulet of magic regeneration
Stlth   +            h - +4 ring of slaying
HPRegen 0.00/turn    q - +5 ring of evasion
MPRegen 0.49/turn

%: no passive effects
@: very slightly contaminated, inhibited regen
A: claws 1, cold resistance 1, negative energy resistance 3, inhibited
regeneration, torment resistance 2, devour on kill
a: no special abilities


You were on level 2 of the Dungeon.
You visited 1 branch of the dungeon, and saw 3 of its levels.

You collected 112 gold pieces.

Inventory:

Hand Weapons
 f - a +0 trident (weapon)
Missiles
 d - 3 poisoned darts
 m - 5 boomerangs
Armour
 a - a +0 robe
 e - a +0 scale mail (worn)
 g - a +0 leather armour
 r - a +0 buckler (worn)
Jewellery
 h - a +4 ring of slaying (left claw)
 i - a ring of fire
 o - an amulet of magic regeneration (around neck)
 q - a +5 ring of evasion (right claw)
Scrolls
 b - a scroll of brand weapon {unknown}
 j - 4 scrolls of identify {unknown}
 k - 2 scrolls of teleportation {unknown}
 n - 2 scrolls of noise {unknown}
 p - a scroll of immolation {unknown}
Potions
 c - a potion of curing {unknown}
 l - a potion of might {unknown}


   Skills:
 + Level 2.3 Fighting
 + Level 1.2 Armour
 - Level 1.7 Dodging
 - Level 3.0 Stealth
 - Level 1.7 Spellcasting
 + Level 4.6 Necromancy


You had 2 spell levels left.
You knew the following spells:

 Your Spells              Type           Power      Damage    Failure   Level
a - Necrotise             Necr           48%        1d6       36%         1
b - Vampiric Draining     Necr           12%        2d6       73%         3

Your spell library contained the following spells:

 Spells                   Type           Power      Damage    Failure   Level
 Magic Dart               Conj           4%         1d3       94%         1
 Sting                    Tmut/Pois      4%         1d3       94%         1
 Call Imp                 Summ           2%         N/A       98%         2
 Poisonous Vapours        Pois/Air       2%         N/A       98%         2
 Animate Dead             Necr           12%        N/A       98%         4
 Mephitic Cloud           Conj/Pois/Air  1%         N/A       100%        3
 Olgreb's Toxic Radiance  Pois           1%         N/A       100%        4
 Agony                    Necr           12%        N/A       100%        5


Dungeon Overview and Level Annotations

Branches:
Dungeon (3/15)

Altars:

Shops:
D:2 (

Annotations:
D:3 Ijyb, Sigmund


Innate Abilities, Weirdness & Mutations

You are immune to poison.
You have sharp fingernails.
Your flesh is cold resistant. (rC+)
You are immune to negative energy. (rN+++)
You do not regenerate when monsters are visible.
You are immune to unholy pain and torment.
You thrive by killing the living.


Message History

You feel less confused.
Sigmund hoots and howls with incredible vigour!
You hear an angry hiss.
You hear a bark!
Your magical contamination has completely faded away.
There is a stone staircase leading up here.
You climb upwards.
There is a stone staircase leading down here.
There is a stone staircase leading down here.
You climb downwards.
Level annotation: Ijyb, Sigmund The adder hisses angrily.
The orc shouts!
The orc priest shouts!
The orc shouts! x2
There is a stone staircase leading up here.
You miscast Necrotise.
You are very lightly contaminated with residual magic.
Nothing appears to happen.
Magic restored.
The orc priest mumbles some strange prayers to Beogh against you.
Beogh smites you!
You climb upwards.
There is a stone staircase leading down here.
The orc priest writhes in agony.
The orc priest completely misses you.
You miscast Necrotise.
Nothing appears to happen.
The orc priest invokes the aid of Beogh against you.
Beogh smites you!
You are too injured to fight recklessly!
Aiming: Necrotise (safe; 36% risk of failure)
Press: ? - help, Q - select action, (/) - cycle Shift-Dir - straight line, f/p - orc priest
Aim: an orc priest, wielding a +1 mace of protection and wearing a +0 leather armour (lightly wounded, chance to affect: 67%)
You miscast Necrotise.
Nothing appears to happen.
The orc priest hits you with a +1 mace of protection!
* * * LOW HITPOINT WARNING * * *
Okay, then.
Aiming: Necrotise (safe; 36% risk of failure)
Press: ? - help, Q - select action, (/) - cycle Shift-Dir - straight line, f/p - orc priest
Aim: an orc priest, wielding a +1 mace of protection and wearing a +0 leather armour (lightly wounded, chance to affect: 67%)
You miscast Necrotise.
Nothing appears to happen.
The orc priest calls down the wrath of Beogh upon you.
Beogh smites you!
You die...

....##.######.########........###
###........................####..
# ####.######..##.########.# #.#
# #.######..##.# #.# #.# #
#............# #.# #.# #
########.....#### #.# #.# #
##.#.....#####.# #.. #
#.#..##.##....# #.# #
#.#@.##.##.##.# #.# #
#.#.o#...#.##.# #.# #
############......#......# #.# #
#...............#...#.#### #.# #
#.#############.##.##.#######..
###.# ###.##............# ..#.#
#..#......######### #.#.#
########.#.####### #.#.#
#........#.#


You could see an orc priest.

Vanquished Creatures
  Natasha (D:3)
  An adder (D:2)
  3 orcs (D:3)
  3 bats
  An endoplasm (D:2)
  2 giant cockroaches (D:3)
  A goblin (D:3)
  6 hobgoblins
  7 jackals
  2 kobolds (D:2)
  2 quokkas
  5 ball pythons
  A frilled lizard (D:1)
  4 rats
39 creatures vanquished.

Vanquished Creatures (collateral kills)
  An endoplasm (D:1)
  A ball python (D:1)
  A bat (D:2)
  A frilled lizard (D:1)
4 creatures vanquished.

Grand Total: 43 creatures vanquished

Notes
Turn   | Place    | Note
-------+----------+-------------------------------------------
     0 | D:1      | cheesebisquit the Ghoul Necromancer began the quest for the
                  | Orb.
     0 | D:1      | Reached XP level 1. HP: 14/14 MP: 2/2
   202 | D:1      | Reached XP level 2. HP: 21/22 MP: 0/3
   272 | D:1      | Reached skill level 1 in Fighting
  1078 | D:2      | Reached XP level 3. HP: 22/28 MP: 0/4
  1344 | D:2      | Found Ihip's Weapon Shop.
  1995 | D:3      | Found a faded altar of an unknown god.
  2013 | D:3      | Noticed Natasha
  2018 | D:3      | Killed Natasha
  2019 | D:3      | Reached skill level 1 in Armour
  2019 | D:3      | Reached XP level 4. HP: 36/36 MP: 2/5
  2023 | D:3      | Learned a level 3 spell: Vampiric Draining
  2133 | D:3      | Noticed Ijyb
  2136 | D:3      | Noticed Sigmund
  2140 | D:3      | Noticed Sigmund
  2180 | D:2      | Killed from afar by an orc priest

Illustrated notes

Levels and vault maps discovered:
D:1:      dpeg_arrival_ternary, layout_loops_ring
D:2:      layout_loops_ring, serial_shops, shop
D:3:      layout_rooms, grunt_temple_overflow_lords_of_destruction,
          mainiacjoe_overflow_concentric_impassable,
          dreamdust_ecumenical_altar_hidden_monk_grotto, hex_tiny, uniq_sigmund,
          uniq_natasha, uniq_ijyb

Skill      XL: |  1  2  3 |
---------------+----------+-----
Fighting       | 1 2 |  2.3
Stealth        | 3 |  3.0
Armour         | 1 |  1.2
Dodging        | |  1.7
Spellcasting   | |  1.7
Necromancy     | |  4.6

Action                     |  1- 3 |  4- 6 || total
---------------------------+-------+-------++-------
  Melee: Unarmed           |    26 |       ||    26
         Trident           |    13 |       ||    13
   Cast: Necrotise         |    69 |     9 ||    78
    Use: Potion            |     1 |       ||     1
 Armour: Robe              |     5 |       ||     5
         Scale mail        |    24 |     1 ||    25
  Dodge: Dodged            |    41 |     6 ||    47
